 Dungeon Crawl Stone Soup version 0.25.0-10-g039870ee82 (webtiles) character file.

Game seed: 15899857064474526725

116 Kerr0r the Digger (level 4, -2/33 HPs)
             Began as a Centaur Earth Elementalist on June 22, 2020.
             Was a Follower of Vehumet.
             Slain by a goblin (6 damage)
             ... led by Robin
             ... on level 3 of the Dungeon.
             The game lasted 00:14:27 (3601 turns).

Kerr0r the Digger (Centaur Earth Elementalist)      Turns: 3601, Time: 00:14:28

Health: -2/33      AC:  6    Str: 10    XL:     4   Next: 70%
Magic:  4/7        EV: 10    Int: 15    God:    Vehumet [*.....]
Gold:   145        SH:  0    Dex: 10    Spells: 4/8 levels left

rFire    . . .     SeeInvis .   s - +0 short sword
rCold    . . .     Gourm    .   (no shield)
rNeg     . . .     Faith    .   c - +0 robe
rPois    .         Spirit   .   (no helmet)
rElec    .         Reflect  .   (no cloak)
rCorr    .         Harm     .   h - +1 pair of gloves
MR       .....                  (no barding)
Stlth    +.........             (no amulet)
HPRegen  0.11/turn              (no ring)
MPRegen  0.10/turn              (no ring)

@: very quick
A: large, hooves 3, deformed body, speed 2, tough skin 3
a: Renounce Religion


You were on level 3 of the Dungeon.
You worshipped Vehumet.
Vehumet was aware of your devotion.
You were not hungry.

You visited 1 branch of the dungeon, and saw 3 of its levels.

You collected 145 gold pieces.

Inventory:

Hand Weapons
 j - a -2 dagger
 s - a +0 short sword (weapon)
Armour
 c - a +0 robe (worn)
 h - a +1 pair of gloves (worn)
 o - a +0 ring mail
Scrolls
 g - a scroll of identify
 k - 3 scrolls of enchant weapon
 m - a scroll of amnesia {unknown}
Potions
 a - a potion of curing
 e - a potion of mutation {unknown}
 i - a potion of heal wounds {unknown}
 l - a potion of flight {unknown}
 n - a potion of lignification {unknown}
 q - a potion of degeneration {unknown}
 r - a potion of magic {unknown}
 t - a potion of stabbing {unknown}
Comestibles
 d - 6 rations
 f - 4 chunks of flesh


   Skills:
 + Level 2.3 Dodging
 - Level 1.1 Stealth
 + Level 2.5 Spellcasting
   Level 0.8 Transmutations
 + Level 3.6 Earth Magic


You had 4 spell levels left.
You knew the following spells:

 Your Spells              Type           Power        Failure   Level  Hunger
a - Sandblast             Erth           ##....       4%          1    #......
b - Stone Arrow           Conj/Erth      #.....       30%         3    ###....

Your spell library contained the following spells:

 Spells                   Type           Power        Failure   Level  Hunger
 Freeze                   Ice            #...         22%         1    #......
 Passwall                 Tmut/Erth      #.......     13%         2    ###....
 Petrify                  Tmut/Erth      #.......     63%         4    #####..
 Lee's Rapid Deconstruct  Erth           ##........   78%         5    ######.


Dungeon Overview and Level Annotations

Branches:
Dungeon (3/15)

Altars:
Cheibriados
Hepliaklqana
Okawaru
Vehumet
Yredelemnul

Annotations:
D:3 Robin


Innate Abilities, Weirdness & Mutations

You have hooves in place of feet.
Armour fits poorly on your strangely shaped body.
You cover ground very quickly.
You have extremely tough skin. (AC +3)


Message History

A hobgoblin comes into view. It is wielding a +0 club.
The goblin hits you but does no damage.
Robin roars a battlecry!
The goblins go into a battle-frenzy!
Casting: Sandblast (safe; 4% risk of failure)
Confirm with . or Enter, or press ? or * to list all spells.
You don't know that spell.
Unknown command.
Casting: Sandblast (safe; 4% risk of failure)
Confirm with . or Enter, or press ? or * to list all spells.
The spell is quite dangerous to cast (30% risk of failure)!
Continue anyway?
Uppercase [Y]es or [N]o only, please.
The spell is quite dangerous to cast (30% risk of failure)!
Continue anyway?
Aiming: Stone Arrow (quite dangerous; 30% risk of failure)
Press: ? - help, Shift-Dir - straight line, f/p - Robin
Aim: Robin, wielding a +0 spear, wearing a +0 animal skin and wearing a +0 helmet (moderately wounded)
The stone arrow hits Robin!
Robin is almost dead.
The goblin hits you.
You die...

.........#
#....##
#######..##
###.... #...##
###.. #
#....######.# #.
###.#..........
#g#
##...#####.###.#
#.)### #..###
#..###.
#.gg###.##
##...).
###gg@g.# #####.
##g#### ## ###


You could see Robin, a hobgoblin (strong) and 5 goblins.

Vanquished Creatures
  2 adders
  An ooze (D:3)
  4 worms
  A dart slug (D:2)
  3 leopard geckos
  2 orcs (D:3)
  9 bats
  2 giant cockroaches
  9 goblins
  4 hobgoblins
  11 jackals
  6 kobolds
  A quokka (D:3)
  2 ball pythons (D:1)
  3 frilled lizards
  11 rats
71 creatures vanquished.

Notes
Turn   | Place    | Note
-------+----------+-------------------------------------------
     0 | D:1      | Kerr0r the Centaur Earth Elementalist began the quest for
                  | the Orb.
     0 | D:1      | Reached XP level 1. HP: 14/14 MP: 3/3
   404 | D:1      | Reached XP level 2. HP: 20/20 MP: 0/4
   697 | D:1      | Reached skill level 3 in Earth Magic
  1432 | D:2      | Reached XP level 3. HP: 14/26 MP: 0/6
  1911 | D:2      | Found an iron altar of Okawaru.
  2061 | D:2      | Found an iron altar of Okawaru.
  2550 | D:2      | Reached XP level 4. HP: 33/33 MP: 3/7
  3037 | D:3      | Found a faded altar of an unknown god.
  3196 | D:3      | Became a worshipper of Vehumet
  3196 | D:3      | Reached * piety under Vehumet
  3196 | D:3      | Offered knowledge of Freeze by Vehumet.
  3202 | D:3      | Learned a level 3 spell: Stone Arrow
  3220 | D:3      | Found a hazy altar of Hepliaklqana.
  3295 | D:3      | Found a snail-covered altar of Cheibriados.
  3457 | D:3      | Found a basalt altar of Yredelemnul.
  3582 | D:3      | Noticed Robin
  3601 | D:3      | Slain by a goblin

Illustrated notes

Levels and vault maps discovered:
D:1:      psy_arrival_basics, layout_loops_ring, serial_forest,
          infiniplex_forest_clump_tiny, infiniplex_forest_straight_3,
          infiniplex_forest_lined_room_, infiniplex_forest_lined_2,
          infiniplex_forest_end_3, infiniplex_forest_lined_room_3
D:2:      minmay_inner_zag, layout_basic, lemuel_round_altar, minivault_27,
          okawaru_trees_2
D:3:      layout_rooms, lemuel_crystal_altar, overflow_temple_1_default,
          overflow_temple_1_default, chequers_ecumenical_altar_simple,
          uniq_robin

Skill      XL: |  1  2  3 |
---------------+----------+-----
Earth Magic    | 3 |  3.6
Spellcasting   | 2 |  2.5
Dodging        | 2 |  2.3
Stealth        | |  1.1
Transmutations | |  0.8

Action                   |  1- 3 |  4- 6 || total
-------------------------+-------+-------++-------
Melee: Unarmed           |    42 |       ||    42
       Kick              |     9 |     4 ||    13
       Dagger            |    42 |    25 ||    67
       Short sword       |       |    31 ||    31
 Cast: Sandblast         |    64 |    29 ||    93
       Stone Arrow       |       |     1 ||     1
  Use: Scroll            |     5 |     2 ||     7
       Potion            |       |     1 ||     1
  Eat: Chunk             |     5 |     4 ||     9
Armor: Robe              |    67 |    15 ||    82
       Ring mail         |     2 |     6 ||     8
Dodge: Dodged            |    70 |    22 ||    92
